AoeStats
← BenJames

Arabia

509022845Analyzed
2v2 RM · 5d ago on Sep 25, 2026· 51m 36s· 4 players
Game mode
Random Map
Map size
Medium (4 player)
Population
200
Speed
Normal
Resources
Standard
Victory
Conquest
Starting age
Dark Age
Ending age
Imperial Age
RankedLock teamsTeams togetherTeam positionsShared explorationLock speedFull tech treeHidden civsTurbo modeCheats
Victory
Defeat
🇭🇰 Cumans · Hong Kong SAR China
1097
+13
🇨🇴 Magyars · Colombia
1023
+16
🇳🇿 Bohemians · New Zealand
1032
-15
🇳🇿 Mongols · New Zealand
1020
-14
Fried Rice
6:29 Loom
8:57 Feudal Age
7:42 Loom
10:39 Double-Bit Axe
20:42 Castle Age
18:53 Horse Collar
19:41 Bloodlines
20:18 Scale Barding Armor
22:05 Bow Saw
26:10 Forging
27:40 Husbandry
31:30 Fletching
33:20 Chain Barding Armor
34:35 Iron Casting
34:47 Wheelbarrow
35:40 Fletching
35:59 Gold Mining
36:56 Stone Mining
39:21 Hand Cart
42:49 Town Watch
43:33 Bodkin Arrow
48:21 Imperial Age
50:03 Blast Furnace
48:27 Heavy Camel Rider
48:42 Sappers
49:33 Conscription
50:08 Masonry
LearnToCode1234
7:21 Loom
11:44 Feudal Age
15:10 Double-Bit Axe
15:25 Horse Collar
21:51 Castle Age
21:34 Scale Mail Armor
22:57 Bow Saw
23:25 Forging
23:28 Pikeman
25:03 Squires
26:01 Chain Mail Armor
26:22 Iron Casting
26:26 Fletching
27:19 Town Watch
28:10 Wheelbarrow
28:33 Elite Skirmisher
29:41 Bodkin Arrow
34:29 Imperial Age
34:35 Halberdier
36:19 Blast Furnace
37:31 Masonry
39:02 Plate Mail Armor
39:15 Conscription
40:50 Chemistry
41:18 Hand Cart
BenJames
5:05 Loom
10:06 Feudal Age
10:14 Man-at-Arms
11:05 Horse Collar
11:20 Double-Bit Axe
17:58 Wheelbarrow
20:26 Castle Age
19:52 Gold Mining
20:37 Scale Barding Armor
20:25 Fletching
22:00 Bloodlines
22:46 Heavy Plow
22:58 Husbandry
24:09 Bow Saw
25:24 Pikeman
33:04 Hand Cart
36:21 Imperial Age
34:47 Long Swordsman
36:23 Two-Handed Swordsman
37:06 Scale Mail Armor
38:34 Cavalier
38:39 Champion
41:00 Halberdier
42:10 Elite Magyar Huszar
43:48 Gold Shaft Mining
44:14 Two-Man Saw
43:46 Crop Rotation
43:04 Town Watch
43:41 Chain Barding Armor
45:03 Conscription
45:39 Paladin
48:32 Siege Engineers
49:30 Chemistry
RomeD
9:53 Feudal Age
8:33 Loom
10:40 Double-Bit Axe
18:29 Bloodlines
21:12 Castle Age
20:40 Scale Barding Armor
20:54 Gold Mining
24:22 Bow Saw
29:02 Chain Barding Armor
28:53 Forging
32:59 Gold Shaft Mining
38:53 Imperial Age
37:00 Wheelbarrow
36:11 Town Watch
39:41 Iron Casting
40:09 Plate Barding Armor
39:00 Cavalier
39:49 Horse Collar
41:22 Two-Man Saw
41:51 Blast Furnace
43:17 Stone Mining
43:39 Paladin
46:24 Hand Cart
47:57 Conscription
50:08 Steppe Husbandry
49:50 Light Cavalry
51:15 Hussar
Connection lost

Rejoining the realm…

Still unreachable

The connection could not be restored.

Session expired

The server has moved on; the page needs a fresh start.